 Dungeon Crawl Stone Soup version 0.23.2-1-ga50397a (webtiles) character file.

Game seed: 18214504809551380013

75 dvd the Firebug (level 4, 0/27 HPs)
             Began as an Octopode Fire Elementalist on May 22, 2019.
             Was an Initiate of Ru.
             Succumbed to an adder's poison
             ... on level 2 of the Dungeon.
             The game lasted 00:04:05 (2288 turns).

dvd the Firebug (Octopode Fire Elementalist)        Turns: 2288, Time: 00:04:06

Health: 0/27       AC:  1    Str: 12    XL:     4   Next: 31%
Magic:  3/7        EV: 13    Int: 18    God:    Ru [......]
Gold:   36         SH:  0    Dex: 12    Spells: 5/8 levels left

rFire    + . .     SeeInvis .   c - +0 flail
rCold    . . .     Gourm    .   (no shield)
rNeg     . . .     Faith    .   (helmet restricted)
rPois    .         Spirit   .   (no amulet)
rElec    .         Reflect  .   f - ring of resist corrosion
rCorr    +         Harm     .   g - ring of protection from fire
MR       .....                  (no ring)
Stlth    ++........             (no ring)
HPRegen  0.09/turn              (no ring)
MPRegen  0.10/turn              (no ring)
                                (no ring)
                                (no ring)

@: confused, mighty, lethally poisoned (0 -> -7), flying
A: almost no armour, stealthy swim, amphibious, 8 rings, constrict 8, camouflage
1, gelatinous body 1
a: Renounce Religion


You were on level 2 of the Dungeon.
You worshipped Ru.
Ru was noncommittal.
You were not hungry.

You visited 1 branch of the dungeon, and saw 2 of its levels.

You collected 36 gold pieces.

Inventory:

Hand Weapons
 c - a +0 flail (weapon)
Jewellery
 f - a ring of resist corrosion (left tentacle)
 g - a ring of protection from fire (right tentacle)
Scrolls
 d - a scroll of fog {unknown}
 e - 4 scrolls of identify {unknown}
 i - a scroll of random uselessness {unknown}
Comestibles
 b - 2 rations
 j - 5 chunks of flesh


   Skills:
 + Level 0.6 Maces & Flails
 + Level 2.1 Dodging
 + Level 2.9 Stealth
 + Level 2.6 Spellcasting
 + Level 1.6 Conjurations
 + Level 4.0 Fire Magic


You had 5 spell levels left.
You knew the following spells:

 Your Spells              Type           Power        Failure   Level  Hunger
a - Flame Tongue          Conj/Fire      ##...        5%          1    #......
b - Throw Flame           Conj/Fire      ##....       8%          2    ##.....

Your spell library contained the following spells:

 Spells                   Type           Power        Failure   Level  Hunger
 Conjure Flame            Conj/Fire      ##......     16%         3    ###....
 Inner Flame              Hex/Fire       #.......     22%         3    ###....
 Sticky Flame             Conj/Fire      ##......     45%         4    #####..
 Fireball                 Conj/Fire      ##........   82%         5    ######.


Dungeon Overview and Level Annotations

Branches:
Dungeon (2/15)

Altars:
Ru

Annotations:
D:2 Sigmund


Innate Abilities, Weirdness & Mutations

You cannot wear most types of armour.
You are very stealthy in the water. (Stealth+)
You are amphibious.
You can wear up to eight rings at the same time.
You can use your tentacles to constrict eight enemies at once.
Your skin changes colour to match your surroundings (Stealth+).
Your rubbery body absorbs attacks. (AC +1, EV +1)


Message History

The adder bites you.
You are more poisoned.
The adder poisons you!
Your magical contamination has completely faded away.
Unknown command.
Unknown command.
You closely miss the adder.
* * * LOW HITPOINT WARNING * * *
You feel sick. The adder barely misses you. The adder bites you.
* * * LOW HITPOINT WARNING * * *
You hear a zap.
Some rock shatters into small pieces.
Unknown command.
You closely miss the adder.
* * * LOW HITPOINT WARNING * * *
You feel sick. The adder bites you.
* * * LOW HITPOINT WARNING * * *
The adder barely misses you. Something barely misses you.
Unknown command.
You die...

# # ################# #
#...............#
######
#..........####.#
#.....
#...######{.###.#
#.#### #.....# #...##.#
#.# # #.....## #.S..#
#.# # #.....# #.@..#
###.# .......# #....#
#...# ##.....# ##รท#..#
#.### #.....# #.##.#
#.# ###...# #.# #.# #.#
##.# ## #.#### ##..#
###.##.##
####...#######.<.....##
+......................


You could see an adder.

Vanquished Creatures
  A gnoll (D:1)
  An adder (D:2)
  A worm (D:2)
  3 dart slugs (D:1)
  2 leopard geckos (D:1)
  A ball python (D:1)
  7 bats
  2 giant cockroaches (D:1)
  7 goblins
  4 hobgoblins (D:1)
  5 jackals
  3 frilled lizards (D:2)
  2 kobolds
  4 rats
43 creatures vanquished.

Notes
Turn   | Place    | Note
-------+----------+-------------------------------------------
     0 | D:1      | dvd the Octopode Fire Elementalist began the quest for the
                  | Orb.
     0 | D:1      | Reached XP level 1. HP: 11/11 MP: 3/3
    25 | D:1      | Reached XP level 2. HP: 17/17 MP: 0/5
   242 | D:1      | Learned a level 2 spell: Throw Flame
   382 | D:1      | Reached XP level 3. HP: 21/21 MP: 3/6
  1474 | D:2      | Reached skill level 4 in Fire Magic
  1603 | D:2      | Reached XP level 4. HP: 27/27 MP: 3/7
  1814 | D:2      | Found a sacrificial altar of Ru.
  1817 | D:2      | Became a worshipper of Ru the Awakened
  2257 | D:2      | Noticed Sigmund
  2287 | D:2      | HP: 1/27 [adder (5)]
  2288 | D:2      | Succumbed to an adder's poison

Skill      XL: |  1  2  3 |
---------------+----------+-----
Fire Magic     | 4 |  4.0
Maces & Flails | |  0.6
Dodging        | |  2.1
Stealth        | |  2.9
Spellcasting   | |  2.6
Conjurations   | |  1.6

Action                   |  1- 3 |  4- 6 || total
-------------------------+-------+-------++-------
Melee: Flail             |     5 |    10 ||    15
       Constrict         |     2 |     4 ||     6
       Tentacles         |     1 |       ||     1
 Cast: Flame Tongue      |    48 |    14 ||    62
       Throw Flame       |    10 |     5 ||    15
  Use: Potion            |       |     2 ||     2
  Eat: Chunk             |     3 |     2 ||     5
Armor: Skin              |     3 |     1 ||     4
Dodge: Dodged            |    11 |    14 ||    25
